AoeStats
← Zhangchenguang1922

Arabia

507920313Analyzed
1v1 RM · 11d ago on Sep 20, 2026· 51m 36s· 2 players
Game mode
Random Map
Map size
Tiny (2 player)
Population
200
Speed
Normal
Resources
Standard
Victory
Conquest
Starting age
Dark Age
Ending age
Imperial Age
RankedLock teamsTeams togetherTeam positionsShared explorationLock speedFull tech treeHidden civsTurbo modeCheats
Victory
Defeat
🇦🇷 Bulgarians · Argentina
804
+18
838
-18
pmestre222
4:56 Loom
12:21 Feudal Age
15:51 Fletching
16:12 Forging
16:01 Arson
22:40 Scale Mail Armor
33:03 Castle Age
36:30 Chain Mail Armor
36:11 Bodkin Arrow
45:44 Gambesons
45:55 Gambesons
46:10 Squires
Zhangchenguang1922
7:32 Loom
9:44 Feudal Age
10:30 Double-Bit Axe
13:19 Bow Saw
16:09 Fletching
20:46 Castle Age
34:19 Scale Barding Armor
Connection lost

Rejoining the realm…

Still unreachable

The connection could not be restored.

Session expired

The server has moved on; the page needs a fresh start.